 Dungeon Sprint DCSS version 0.17-a0-1554-g3b847ca (webtiles) character file.

108 nuthulu the Ruffian (level 4, -1/49 HPs)
             Began as a Troll Berserker on July 19, 2015.
             Was a Priest of Trog.
             Slain by a wight
             ... wielding a +0 great sword
              (3 damage)
             ... while paralysed by a giant eyeball
             ... in the Dungeon (Sprint VII: "The Pits").
             The game lasted 00:00:56 (312 turns).

nuthulu the Ruffian (Troll Berserker)                Turns: 312, Time: 00:00:56

Health: -1/49      AC:  5    Str: 25    XL:     4   Next: 58%
Magic:  3/3        EV:  1    Int:  3    God:    Trog [***...]
Gold:   0          SH:  0    Dex: 10    Spells: 0 memorised, 3 levels left

rFire  . . .     SeeInvis .       - Unarmed
rCold  . . .     Clarity  .     a - +0 animal skin
rNeg   . . .     SustAt   .     (no shield)
rPois  .         Gourm    +     (helmet restricted)
rElec  .         Spirit   .     (no cloak)
rCorr  .         Warding  .     (gloves unavailable)
rMut   .         NoTele   +     (boots unavailable)
MR     .....                    (no amulet)
Stlth  +.........               (no ring)
                                (no ring)

@: paralysed, drained, not resistant to hostile enchantments, very unstealthy
A: unfitting armour, claws 3, fast metabolism 3, gourmand, regeneration 2,
shaggy fur 1, tough skin 2
a: Burn Spellbooks, Berserk, Trog's Hand, Renounce Religion


You were in the Dungeon.
You worshipped Trog.
Trog was most pleased with you.
You were very full.

You visited 1 branch

Inventory:

Armour
 a - a +0 animal skin (worn)
Scrolls
 h - a scroll of blinking
 l - 3 scrolls of remove curse
 m - a scroll of summoning
Potions
 c - a potion of curing
 d - a potion of heal wounds
 e - a potion of haste
 f - 4 potions of magic
 g - 3 potions of berserk rage
 k - 2 potions of invisibility
Comestibles
 b - 9 bread rations
 i - 40 fruits
 j - 7 meat rations


   Skills:
 + Level 4.5(3.8) Fighting
 + Level 3.5(2.8) Armour
 + Level 4.4(3.7) Dodging
 + Level 5.4(4.6) Unarmed Combat


You had 3 spell levels left.
You didn't know any spells.

Dungeon Overview and Level Annotations

Branches:
Dungeon (1/1)

Altars:
Ashenzari
Cheibriados
Dithmenos
Elyvilon
Fedhas
Kikubaaqudgha
Makhleb
Nemelex Xobeh
Okawaru
Ru
Sif Muna
Trog
Vehumet
Xom
Yredelemnul
Zin
The Shining One
Beogh
Jiyva
Lugonu


Innate Abilities, Weirdness & Mutations

You are too large for most types of armour.
You have claws for hands.
Your metabolism is lightning-fast.
You like to eat raw meat.
You heal very quickly.
You are covered in fur (AC +1).
You have very tough skin (AC +2).


Message History

The wight hits you with a great sword!
You scratch the wight.
The wight is heavily damaged.
The wight hits you from afar with an enchanted trident!
You feel drained.
* * * LOW HITPOINT WARNING * * *
The wight misses you.
Unknown command.
You scratch the wight.
The wight is heavily damaged.
The wight barely misses you.
You barely miss the wight.
The wight is heavily damaged.
The wight misses you. x2
The giant eyeball gazes at you.
You suddenly lose the ability to move!
The wight hits you with a great sword!
* * * LOW HITPOINT WARNING * * *
You feel drained.
You die...

#)))'.'..##...........
#)))#.#?(##......#..#.
#######'#####...........
#...........'...........
#+#####'#####......#..#.
#.)..)##...........
#####)#####'#####++
#...).##.......#
#...@.##.......#
###z####.......#
#.z..G##...<...#
........##.......#
#........##.......#
###########.......#
#########


You could see 2 wights.

Vanquished Creatures
  2 wights (D)
  A gnoll (D)
  An adder skeleton (D)
  3 giant geckos (D)
  An orc (D)
  A giant cockroach (D)
9 creatures vanquished.

Notes
Turn   | Place    | Note
--------------------------------------------------------------
     0 | D        | nuthulu the Troll Berserker began the quest for the Orb.
     0 | D        | Reached XP level 1. HP: 22/22 MP: 0/0
    55 | D        | Found a sacrificial altar of Ru.
    55 | D        | Found a basalt altar of Yredelemnul.
    55 | D        | Found a glowing golden altar of the Shining One.
    55 | D        | Found a deep blue altar of Sif Muna.
    55 | D        | Found a burning altar of Makhleb.
    55 | D        | Found an ancient bone altar of Kikubaaqudgha.
    55 | D        | Found a glowing silver altar of Zin.
    56 | D        | Found a shadowy altar of Dithmenos.
    56 | D        | Found a bloodstained altar of Trog.
    56 | D        | Found a shattered altar of Ashenzari.
    56 | D        | Found a white marble altar of Elyvilon.
    56 | D        | Found a snail-covered altar of Cheibriados.
    56 | D        | Found a blossoming altar of Fedhas.
    56 | D        | Found a radiant altar of Vehumet.
    56 | D        | Found a shimmering altar of Xom.
    56 | D        | Found a sparkling altar of Nemelex Xobeh.
    56 | D        | Found a corrupted altar of Lugonu.
    56 | D        | Found a viscous altar of Jiyva.
    56 | D        | Found a roughly hewn altar of Beogh.
    56 | D        | Found an iron altar of Okawaru.
    63 | D        | Acquired Trog's second power
    63 | D        | Reached skill level 1 in Armour
    63 | D        | Reached XP level 2. HP: 29/31 MP: 1/1
   116 | D        | Noticed a wight
   116 | D        | Noticed a wight
   126 | D        | Killed a wight
   126 | D        | Reached skill level 4 in Fighting
   126 | D        | Reached XP level 3. HP: 17/39 MP: 2/2
   135 | D        | Killed a wight
   135 | D        | Reached skill level 5 in Unarmed Combat
   135 | D        | Reached XP level 4. HP: 3/49 MP: 3/3
   300 | D        | Noticed a wight
   301 | D        | Noticed a wight
   311 | D        | Paralysed by a giant eyeball for 2 turns
   312 | D        | HP: 2/49 [wight/great sword (13)]
   312 | D        | Slain by a wight

Vault maps used:
D:        pitsprint

Action                   |  1- 3 |  4- 6 || total
-------------------------+-------+-------++-------
Melee: Unarmed           |    43 |     7 ||    50
  Eat: Chunk             |     3 |     3 ||     6
